 Dungeon Crawl Stone Soup version 0.16.1-11-g651b585 (webtiles) character file.

382 Scotty the Skirmisher (level 6, -1/57 HPs)
             Began as a Minotaur Berserker on Apr 8, 2015.
             Was a Priest of Trog.
             Slain by an ogre
             ... wielding a +0 giant club
              (21 damage)
             ... on level 4 of the Dungeon.
             The game lasted 00:16:23 (3186 turns).

Scotty the Skirmisher (Minotaur Berserker)          Turns: 3186, Time: 00:16:23

Health: -1/57      AC: 13    Str: 22    XL:     6   Next: 47%
Magic:  3/3        EV:  7    Int:  4    God:    Trog [***...]
Gold:   135        SH:  0    Dex: 11    Spells: 0 memorised, 5 levels left

rFire  x . .     SeeInvis .     a - +0 falchion
rCold  + . .     Clarity  .     g - +0 plate armour
rNeg   . . .     SustAb   .     (no shield)
rPois  .         Gourm    .     (helmet restricted)
rElec  .         Spirit   .     (no cloak)
rCorr  .         Warding  .     u - +0 pair of gloves
rMut   .         Stasis   .     (no boots)
MR     .....                    (no amulet)
Stlth  ..........               (no ring)
                                m - ring of ice

@: starving, not resistant to hostile enchantments, extremely unstealthy
A: retaliatory headbutt, horns 2
a: Burn Spellbooks, Berserk, Trog's Hand, Renounce Religion


You were on level 4 of the Dungeon.
You worshipped Trog.
Trog was most pleased with you.
You were starving.

You visited 1 branch of the dungeon, and saw 4 of its levels.

You collected 135 gold pieces.

Inventory:

Hand weapons
 a - a +0 falchion (weapon)
 d - a cursed +0 war axe
Missiles
 i - 5 stones (quivered)
 k - 18 arrows of frost
Armour
 g - a +0 plate armour (worn)
 j - a +0 plate armour
 u - a +0 pair of gloves (worn)
Jewellery
 b - an uncursed ring of protection from fire {unknown}
 m - a ring of ice (left hand)
Scrolls
 f - 2 scrolls of identify {unknown}
 h - a scroll of fear {unknown}
Potions
 l - a potion of curing {unknown}
 o - a potion of heal wounds {unknown}
 q - a potion of might {unknown}
 s - a potion of degeneration {unknown}
Comestibles
 c - 4 bread rations
 n - a royal jelly
 p - a meat ration


   Skills:
 + Level 5.7 Fighting
 + Level 5.4 Long Blades
 + Level 4.2 Armour
 + Level 4.0 Dodging
 + Level 0.5 Stealth


You had 5 spell levels left.
You didn't know any spells.

Dungeon Overview and Level Annotations

Branches:
Dungeon (4/15)
 Temple: D:4-7

Altars:
Fedhas
The Shining One

Annotations:
D:4 sugabear's ghost, average VSGl


Innate Abilities, Weirdness & Mutations

You reflexively headbutt those who attack you in melee.
You have a pair of horns on your head.


Message History

You hit sugabear's ghost. Your headbutt misses sugabear's ghost.
Sugabear's ghost is severely damaged.
The ogre closely misses you. You furiously retaliate!
You headbutt the ogre! Sugabear's ghost hits you.
Your plate armour prevents you from hitting sugabear's ghost.
Your headbutt misses sugabear's ghost.
Sugabear's ghost is severely damaged.
Sugabear's ghost hits you but does no damage.
The ogre closely misses you.
You barely miss sugabear's ghost.
Sugabear's ghost is severely damaged.
Sugabear's ghost hits you but does no damage.
The ogre hits you with a giant club!!
You hit sugabear's ghost but do no damage.
Sugabear's ghost is severely damaged.
Sugabear's ghost hits you.
You closely miss sugabear's ghost.
Sugabear's ghost is severely damaged.
The ogre hits you with a giant club!!
You die...

... #.# #.#
#.# #.#
##'#######
#.........
#.W........
#.@O.......
##.########
#.#########.
#.†<........
##########.#


You could see an ogre and sugabear's ghost.

Vanquished Creatures
  An orc wizard (D:3)
  A goliath beetle (D:3)
  An orc priest (D:3)
  A worker ant (D:4)
  Jessica (D:2)
  A hound zombie (D:3)
  2 hound skeletons (D:3)
  6 adders
  2 giant mites (D:3)
  6 worms
  An adder skeleton (D:3)
  18 orcs
  5 bats
  A bat zombie (D:3)
  6 giant cockroaches
  4 goblins
  6 hobgoblins
  7 jackals
  2 quokkas (D:3)
  3 giant geckos (D:3)
  A giant gecko skeleton (D:3)
  8 giant newts
  3 kobolds
  7 rats
  A plant (D:1)
95 creatures vanquished.

Notes
Turn   | Place    | Note
--------------------------------------------------------------
     0 | D:1      | Scotty, the Minotaur Berserker, began the quest for the Orb.
     0 | D:1      | Reached XP level 1. HP: 19/19 MP: 1/1
   264 | D:1      | Reached XP level 2. HP: 20/27 MP: 1/1
   265 | D:1      | Reached skill level 4 in Fighting
   708 | D:2      | Reached XP level 3. HP: 24/33 MP: 2/2
  1161 | D:2      | Noticed Jessica
  1177 | D:2      | Killed Jessica
  1177 | D:2      | Acquired Trog's second power
  1409 | D:3      | Reached XP level 4. HP: 41/41 MP: 2/2
  1896 | D:3      | Reached skill level 5 in Fighting
  1901 | D:3      | Reached XP level 5. HP: 48/48 MP: 2/2
  2007 | D:3      | Found a blossoming altar of Fedhas.
  2764 | D:3      | Reached skill level 5 in Long Blades
  2764 | D:3      | Reached XP level 6. HP: 56/56 MP: 3/3
  2952 | D:3      | Found a glowing golden altar of the Shining One.
  3175 | D:4      | Noticed sugabear's ghost (average VSGl)
  3186 | D:4      | Slain by an ogre

Action                   |  1- 3 |  4- 6 || total
-------------------------+-------+-------++-------
Melee: Falchion          |    97 |   181 ||   278
Invok: Berserk           |     1 |     3 ||     4
  Eat: Bread ration      |     1 |       ||     1
       Meat ration       |       |     1 ||     1
